 Dungeon Crawl Stone Soup version 0.30-a0-972-gf3ab3527aa (webtiles) character file.

Game seed: 9897636680400731319

137 vishdafish the Gusty (level 5, 35/35 HPs)
             Began as a Demonspawn Air Elementalist on Mar 31, 2023.
             Quit the game on level 4 of the Dungeon.
             The game lasted 00:02:57 (3177 turns).

vishdafish the Gusty (Demonspawn Air Elementalist)  Turns: 3177, Time: 00:02:58

Health: 35/35      AC:  5    Str:  8    XL:     5   Next: 0%
Magic:  19/19      EV: 12    Int: 24    God:
Gold:   176        SH:  0    Dex: 16    Spells: 10/11 levels left

rFire   . . .      SeeInvis .    h - +2 dagger (elec)
rCold   . . .      Faith    .    (no shield)
rNeg    . . .      Spirit   .    a - +0 robe
rPois   +          Reflect  .    (helmet restricted)
rElec   .          Rampage  .    (no cloak)
rCorr   .                        (no gloves)
Will    .....                    (no boots)
Stlth   ++                       (no amulet)
HPRegen 0.25/turn                i - ring of magical power
MPRegen 0.16/turn                q - ring "Qaosaad" {rPois Int+6 Dex+2}

@: no status effects
A: horns 1, yellow scales 2, demonic guardian 1
a: no special abilities


You were on level 4 of the Dungeon.
You visited 2 branches of the dungeon, and saw 6 of its levels.

You collected 176 gold pieces.

Inventory:

Hand Weapons
 c - a +0 short sword
 h - a +2 dagger of electrocution (weapon)
Armour
 a - a +0 robe (worn)
Jewellery
 i - a ring of magical power (left hand)
 j - a +6 ring of dexterity
 p - an amulet of faith
 q - the ring "Qaosaad" (right hand) {rPois Int+6 Dex+2}
   (You found it on level 2 of the Dungeon)

   [ring of intelligence]

   Int:       It affects your intelligence (+6).
   Dex:       It affects your dexterity (+2).
   rPois:     It protects you from poison.
Scrolls
 e - 4 scrolls of immolation {unknown}
 f - a scroll of fear {unknown}
 g - 5 scrolls of identify {unknown}
 l - a scroll of enchant armour {unknown}
 n - a scroll of teleportation {unknown}
 w - 2 scrolls of blinking {unknown}
 x - a scroll of vulnerability {unknown}
Potions
 b - a potion of magic
 d - a potion of curing {unknown}
 k - a potion of brilliance {unknown}
 m - a potion of invisibility {unknown}
 o - a potion of might {unknown}
 r - a potion of ambrosia {unknown}
 s - a potion of heal wounds {unknown}
 t - a potion of resistance {unknown}
 u - 3 potions of mutation {unknown}
 v - 2 potions of lignification {unknown}
 z - a potion of flight {unknown}


   Skills:
 - Level 1.7 Dodging
 - Level 1.7 Stealth
 + Level 3.6 Spellcasting
 - Level 1.0 Conjurations
 + Level 4.1 Air Magic


You had 10 spell levels left.
You knew the following spells:

 Your Spells              Type           Power      Damage    Failure   Level
a - Shock                 Conj/Air       64%        1d7       3%          1

Your spell library contained the following spells:

 Spells                   Type           Power      Damage    Failure   Level
 Static Discharge         Conj/Air       32%        2-4/arc   5%          2
 Swiftness                Air            24%        N/A       5%          3
 Poisonous Vapours        Pois/Air       28%        N/A       7%          2
 Sting                    Tmut/Pois      16%        1d3       10%         1
 Sublimation of Blood     Necr           4%         N/A       16%         2
 Airstrike                Air            12%        2d(2-18)  19%         4
 Olgreb's Toxic Radiance  Pois           4%         N/A       69%         4
 Petrify                  Tmut/Erth      4%         N/A       69%         4
 Irradiate                Conj/Tmut      3%         3d12      92%         5


Dungeon Overview and Level Annotations

Branches:
Dungeon (5/15)             Temple (1/1) D:4

Altars:
Ashenzari
Cheibriados
Dithmenos
Fedhas
Hepliaklqana
Kikubaaqudgha
Makhleb
Qazlal
Sif Muna
Wu Jian
Xom
Yredelemnul

Shops:
D:4 :

Annotations:
D:3 1 runed translucent door, nidavellir's ghost, amateur HuFi


Innate Abilities, Weirdness & Mutations

You have a pair of small horns on your head.
You are mostly covered in yellow scales. (AC +3)
A weak demonic guardian rushes to your aid.


Message History

You can't see any susceptible monsters within range! (Use Z to cast anyway.)
You can't see any susceptible monsters within range! (Use Z to cast anyway.)
An orc is nearby!
An orc is nearby!
The zap hits the orc.
You kill the orc!
An orc comes into view. It is wielding a +0 whip.
The zap hits the orc.
The orc is heavily wounded.
The orc shouts!
You hear a shout!
The zap hits the orc.
You kill the orc!
You can't see any susceptible monsters within range! (Use Z to cast anyway.)
You can't see any susceptible monsters within range! (Use Z to cast anyway.) Magic restored.
Found a hand axe.
You now have 176 gold pieces (gained 12).
A goblin comes into view. It is wielding a +0 dagger.
A goblin is nearby!
A goblin is nearby!
A goblin is nearby!
The zap misses the goblin.
The goblin shouts!
The zap hits the goblin.
The goblin is almost dead.
The zap misses the goblin.
The zap hits the goblin.
You kill the goblin!
An orc comes into view. It is wielding a +0 short sword.
The zap hits the orc.
The orc is almost dead.
The orc shouts!
The zap misses the orc.
The zap hits the orc.
You kill the orc!
You have reached level 5!
Your demonic ancestry asserts itself...
You feel the presence of a demonic guardian.
Found a stone staircase leading up.
Are you sure you want to abandon this character and quit the game? (Confirm with "yes".)

.....'..∩..<..+.............
....###########........#####
....#.....................).
....#.......................
....#...........#...........
....#...........#...........
######............#######...
............## #..
...........@# ..
...........#))..<..
...........#.).....
..............)....
..#...........⌠.⌠.
#...............
##.............. ≈≈≈....
.......


There were no monsters in sight!

Vanquished Creatures
  Terence (D:2)
  4 adders
  A gnoll (D:1)
  A worm (D:3)
  A dart slug (D:3)
  5 orcs
  4 bats
  An endoplasm (D:2)
  3 giant cockroaches
  7 goblins
  3 hobgoblins
  7 jackals
  3 quokkas (D:1)
  5 ball pythons
  A frilled lizard (D:3)
  4 kobolds
  2 rats (D:2)
53 creatures vanquished.

Notes
Turn   | Place    | Note
-------+----------+-------------------------------------------
     0 | D:1      | vishdafish the Demonspawn Air Elementalist began the quest
                  | for the Orb.
     0 | D:1      | Reached XP level 1. HP: 13/13 MP: 3/3
   293 | D:1      | Reached skill level 3 in Air Magic
   367 | D:1      | Gained mutation: You are partially covered in yellow
                  | scales. (AC +2) [demonic ancestry]
   367 | D:1      | Reached XP level 2. HP: 19/19 MP: 1/5
   703 | D:1      | Gained mutation: You have a pair of small horns on your
                  | head. [demonic ancestry]
   703 | D:1      | Reached XP level 3. HP: 24/24 MP: 2/7
  1202 | D:2      | Found an ornate altar of the Wu Jian Council.
  1255 | D:2      | Noticed Terence
  1264 | D:2      | Killed Terence
  1265 | D:2      | Gained mutation: You are mostly covered in yellow scales.
                  | (AC +3) [demonic ancestry]
  1265 | D:2      | Reached XP level 4. HP: 15/30 MP: 8/8
  1375 | D:2      | Identified the ring "Qaosaad" {rPois Int+6 Dex+2}
  1804 | D:3      | Found a runed translucent door.
  1804 | D:3      | Noticed nidavellir's ghost (amateur HuFi)
  2156 | D:3      | Reached skill level 4 in Air Magic
  2684 | D:4      | Found Nietyud's Book Boutique.
  2824 | D:4      | Found a staircase to the Ecumenical Temple.
  2826 | D:4      | You fall into a shaft and drop 1 floor!
  2826 | D:5      | Entered Level 5 of the Dungeon
  2909 | Temple   | Entered the Ecumenical Temple
  3132 | D:4      | Gained mutation: A weak demonic guardian rushes to your
                  | aid. [demonic ancestry]
  3132 | D:4      | Reached XP level 5. HP: 35/35 MP: 10/10
  3177 | D:4      | Quit the game

Illustrated notes

Levels and vault maps discovered:
D:1:      nzn_arrival_depleted_hourglass, layout_loops_ring, minmay_pentomino_q4
D:2:      layout_loops_cross, basic_altar, uniq_terence
D:3:      layout_basic, hellmonk_ghost_happy_afterlife
D:4:      layout_basic, minmay_temple_entry_stoned_glass, serial_shops,
          nicolae_shop_waterfront, nicolae_shop_hallway_stairs,
          grunt_ministairs_9
D:5:      layout_rooms, old_standard_altar, eino_small_chamber_without_monster,
          uniq_edmund
Temple:   nicolae_temple_bog_church

Skill      XL: |  1  2  3  4 |
---------------+-------------+-----
Air Magic      | 3 4 |  4.1
Spellcasting   | 3 |  3.6
Dodging        | |  1.7
Stealth        | |  1.7
Conjurations   | |  1.0

Action                     |  1- 3 |  4- 6 || total
---------------------------+-------+-------++-------
  Melee: Short sword       |    39 |       ||    39
         Dagger            |    14 |    10 ||    24
         Headbutt          |     1 |       ||     1
   Cast: Shock             |    37 |    61 ||    98
   Stab: Sleeping          |       |     1 ||     1
 Armour: Robe              |     9 |     8 ||    17
  Dodge: Dodged            |    42 |     9 ||    51

Table legend: (Time is in decaauts)
 A = Elapsed time spent in this place.
 B = Non-inter-level travel time spent in this place.
 C = Inter-level travel time spent in this place.
 D = Time resting spent in this place.
 E = Time spent auto-exploring this place.
 F = Levels seen in this place.
 G = Mean time per level.
                   A        B        C        D        E       F      G
               +--------+--------+--------+--------+--------+-----+--------+
         Total |   3179 |   3103 |     76 |      0 |   2777 |   6 |  529.8 |
       Dungeon |   2996 |   2944 |     52 |      0 |   2630 |   5 |  599.2 |
        Temple |    182 |    158 |     24 |      0 |    147 |   1 |  182.0 |
               +--------+--------+--------+--------+--------+-----+--------+

Top non-repeatable levels by time:
     D:1: 1005 daAuts
     D:3: 909 daAuts
     D:2: 765 daAuts
     D:4: 287 daAuts
  Temple: 182 daAuts
     D:5: 28 daAuts
